 Dungeon Crawl Stone Soup version 0.30-a0-1112-gfb780f5df6 (webtiles) character file.

Game seed: 4416165710242903507

106 voltaire321 the Trooper (level 4, -1/41 HPs)
             Began as a Minotaur Fighter on Apr 19, 2023.
             Slain by an ogre
             ... wielding a +0 giant club
              (11 damage)
             ... on level 3 of the Dungeon.
             The game lasted 00:03:35 (2062 turns).

voltaire321 the Trooper (Minotaur Fighter)          Turns: 2062, Time: 00:03:36

Health: -1/41      AC:  8    Str: 23    XL:     4   Next: 55%
Magic:  3/3        EV: 14    Int:  5    God:
Gold:   215        SH:  4    Dex:  9    Spells: 3/3 levels left

rFire   . . .      SeeInvis .    a - +0 war axe
rCold   . . .      Faith    .    c - +0 buckler
rNeg    . . .      Spirit   .    b - +0 scale mail
rPois   .          Reflect  .    (helmet restricted)
rElec   .          Rampage  .    g - +0 cloak
rCorr   .                        (no gloves)
Will    .....                    (no boots) Stlth
                                 (no amulet)
HPRegen 0.26/turn                i - +5 ring of evasion
MPRegen 0.08/turn                (no ring)

@: no status effects
A: horns 2, retaliatory headbutt
a: no special abilities


You were on level 3 of the Dungeon.
You visited 1 branch of the dungeon, and saw 3 of its levels.

You collected 215 gold pieces.

Inventory:

Hand Weapons
 a - a +0 war axe (weapon)
Missiles
 k - a throwing net (quivered)
 x - 2 silver boomerangs
 z - 3 boomerangs
Armour
 b - a +0 scale mail (worn)
 c - a +0 buckler (worn)
 g - a +0 cloak (worn)
Jewellery
 i - a +5 ring of evasion (left hand)
Wands
 y - a wand of iceblast (2)
Scrolls
 h - a scroll of amnesia {unknown}
 j - a scroll of enchant armour {unknown}
 l - a scroll of poison {unknown}
 m - a scroll of vulnerability {unknown}
 o - 2 scrolls of blinking {unknown}
 r - a scroll of fear {unknown}
 u - 2 scrolls of identify {unknown}
Potions
 d - 2 potions of might
 e - a potion of berserk rage {unknown}
 f - a potion of attraction {unknown}
 p - a potion of curing {unknown}
 q - a potion of magic {unknown}
 s - a potion of flight {unknown}
 t - a potion of heal wounds {unknown}
 v - a potion of mutation {unknown}
 w - 2 potions of haste {unknown}


   Skills:
 + Level 4.3 Fighting
 + Level 3.2 Axes
 + Level 1.1 Throwing
 + Level 4.2 Armour
 + Level 1.5 Dodging
 + Level 4.2 Shields


You had 3 spell levels left.
You didn't know any spells.
Your spell library was empty.

Dungeon Overview and Level Annotations

Branches:
Dungeon (3/15)

Altars:
Kikubaaqudgha
Nemelex Xobeh


Innate Abilities, Weirdness & Mutations

You have a pair of horns on your head.
You reflexively headbutt those who attack you in melee.


Message History

u - 2 scrolls labelled PUIMIW CAOJO (gained 1)
You see here a jackal corpse.
You see here a +0 club.
An ogre comes into view. It is wielding a +0 giant club.
Throw: 4 darts (poison)
Press: ? - help, Q - select action, (/) - cycle Shift-Dir - straight line, f - ogre
Aim: an ogre, wielding a +0 giant club (wandering, hasn't noticed you, 72% to hit)
You throw a poisoned dart. The poisoned dart hits the ogre.
Throw: 3 darts (poison)
Press: ? - help, Q - select action, (/) - cycle Shift-Dir - straight line, f/p - ogre
Aim: an ogre, wielding a +0 giant club (72% to hit)
You throw a poisoned dart.
The poisoned dart barely misses the ogre.
Throw: 2 darts (poison)
Press: ? - help, Q - select action, (/) - cycle Shift-Dir - straight line, f/p - ogre
Aim: an ogre, wielding a +0 giant club (72% to hit)
You throw a poisoned dart.
The poisoned dart barely misses the ogre.
Throw: dart (poison)
Press: ? - help, Q - select action, (/) - cycle Shift-Dir - straight line, f/p - ogre
Aim: an ogre, wielding a +0 giant club (72% to hit)
You throw a poisoned dart. The poisoned dart hits the ogre.
The ogre is poisoned.
You slash the ogre!
The ogre is moderately wounded.
The ogre hits you with a +0 giant club!!
You slash the ogre!
The ogre is severely wounded.
The ogre hits you with a +0 giant club!
* * * LOW HITPOINT WARNING * * *
You completely miss the ogre.
The ogre is almost dead.
The ogre closely misses you.
You closely miss the ogre.
The ogre is almost dead.
The ogre barely misses you.
You barely miss the ogre.
The ogre is almost dead.
The ogre looks more healthy.
The ogre hits you with a +0 giant club!
You die...

........# #...........
8.⌠.8.#.# #............
......#.# #............
⌠._.⌠.#.# #...........
......>.# #.........#.
8.⌠.8...###.........#
..........#.........#
###.##.†#.#)........#(..
....##..†.).....@O(....(
###....#............#...
####.#.#.....######
#.....#..##.#
#.....#...#.#
###..###..#.#
#..#....#.# #....####.#
#.##..###.#


You could see an ogre.

Vanquished Creatures
  4 adders
  A worm (D:2)
  A dart slug (D:1)
  3 orcs
  4 ball pythons
  4 endoplasms
  3 giant cockroaches
  5 goblins
  A hobgoblin (D:1)
  9 jackals
  11 bats
  5 kobolds
  6 rats
  2 bushes (D:2)
59 creatures vanquished.

Vanquished Creatures (others)
  7 plants (D:2)
7 creatures vanquished.

Grand Total: 66 creatures vanquished

Notes
Turn   | Place    | Note
-------+----------+-------------------------------------------
     0 | D:1      | voltaire321 the Minotaur Fighter began the quest for the
                  | Orb.
     0 | D:1      | Reached XP level 1. HP: 19/19 MP: 0/0
   164 | D:1      | Reached XP level 2. HP: 27/27 MP: 1/1
   668 | D:2      | Reached skill level 1 in Dodging
   699 | D:2      | Reached XP level 3. HP: 33/33 MP: 2/2
  1721 | D:3      | Reached XP level 4. HP: 40/40 MP: 3/3
  1756 | D:3      | Found a sparkling altar of Nemelex Xobeh.
  1830 | D:3      | Found an ancient bone altar of Kikubaaqudgha.
  1927 | D:3      | Found a faded altar of an unknown god.
  1932 | D:3      | Reached skill level 1 in Throwing
  2053 | D:3      | Noticed an ogre
  2062 | D:3      | Slain by an ogre

Illustrated notes

Levels and vault maps discovered:
D:1:      pf_arrival_petrified_forest, layout_loops_ring,
          minmay_misc_feat_encased, fountainhead
D:2:      layout_loops_ring, serial_forest, infiniplex_forest_end_1,
          infiniplex_forest_lined_1, infiniplex_forest_clump_medium,
          infiniplex_forest_lined_3_way, infiniplex_forest_clump_curved,
          infiniplex_forest_join, infiniplex_forest_clump_double,
          infiniplex_forest_clump_long
D:3:      layout_basic, mainiacjoe_overflow_boulevard, kiku_gazebo_pond_becter,
          hellmonk_ecumenical_altar_dog_temple

Skill      XL: |  1  2  3  4 |
---------------+-------------+-----
Dodging        | 1 |  1.5
Fighting       | 4 |  4.3
Shields        | 4 |  4.2
Armour         | 4 |  4.2
Axes           | 3 |  3.2
Throwing       | 1 |  1.1

Action                     |  1- 3 |  4- 6 || total
---------------------------+-------+-------++-------
  Melee: War axe           |   157 |    41 ||   198
         Headbutt          |    42 |     4 ||    46
  Throw: Dart              |       |     4 ||     4
 Armour: Scale mail        |    39 |    18 ||    57
  Dodge: Dodged            |    65 |    34 ||    99
  Block: Buckler           |    24 |     8 ||    32

Table legend: (Time is in decaauts)
 A = Elapsed time spent in this place.
 B = Non-inter-level travel time spent in this place.
 C = Inter-level travel time spent in this place.
 D = Time resting spent in this place.
 E = Time spent auto-exploring this place.
 F = Levels seen in this place.
 G = Mean time per level.
                   A        B        C        D        E       F      G
               +--------+--------+--------+--------+--------+-----+--------+
         Total |   2139 |   2088 |     51 |      0 |   1530 |   3 |  713.0 |
       Dungeon |   2139 |   2088 |     51 |      0 |   1530 |   3 |  713.0 |
               +--------+--------+--------+--------+--------+-----+--------+

Top non-repeatable levels by time:
     D:2: 1093 daAuts
     D:1: 673 daAuts
     D:3: 372 daAuts
